 Dungeon Crawl Stone Soup version 0.27-a0-1245-g940ed4fa31 (webtiles) character file.

Game seed: 2489633129004554788

256 Ge0ff the Chopper (level 5, -4/49 HPs)
             Began as a Deep Dwarf Fighter on June 9, 2021.
             Was a Follower of Okawaru.
             Succumbed to a killer bee's poison
             ... in the Ecumenical Temple.
             The game lasted 00:03:29 (400 turns).

Ge0ff the Chopper (Deep Dwarf Fighter)               Turns: 400, Time: 00:03:30

Health: -4/49      AC:  8    Str: 21    XL:     5   Next: 92%
Magic:  3/5        EV: 11    Int:  8    God:    Okawaru [*.....]
Gold:   14         SH: 12    Dex: 12    Spells: 4/4 levels left

rFire    . . .     SeeInvis .   a - +1 war axe
rCold    . . .     Faith    .   c - +1 kite shield
rNeg     . . .     Spirit   .   b - +0 scale mail
rPois    .         Reflect  .   (no helmet)
rElec    .         Harm     .   (no cloak)
rCorr    .         Rampage  .   (no gloves)
Will     .....                  (no boots)
Stlth    +.........             (no amulet)
HPRegen  0.00/turn              (no ring)
MPRegen  0.09/turn              (no ring)

@: mighty, lethally poisoned (-4 -> -14), heroic
A: damage resistance, heal wounds, sense surroundings 1, no regeneration
a: Heal Wounds, Renounce Religion, Heroism


You were in the Ecumenical Temple.
You worshipped Okawaru.
Okawaru was aware of your devotion.
You visited 2 branches of the dungeon, and saw 5 of its levels.

You collected 14 gold pieces.

Inventory:

Hand Weapons
 a - a +1 war axe (weapon)
Armour
 b - a +0 scale mail (worn)
 c - a +1 kite shield (worn)
Magical Staves
 S - a staff of poison
Potions
 L - a potion of lignification
 O - a potion of flight {unknown}


   Skills:
 - Level 3.0(8.0) Fighting
 + Level 6.6(11.6) Axes
 - Level 3.2(8.2) Armour
 - Level 1.0(6.0) Dodging
 - Level 3.2(8.2) Shields


You had 4 spell levels left.
You didn't know any spells.
Your spell library was empty.

Dungeon Overview and Level Annotations

Branches:
Dungeon (4/15)             Temple (1/1) D:4

Altars:
Ashenzari
Kikubaaqudgha
Nemelex Xobeh
Okawaru
Qazlal
Sif Muna
Uskayaw
Vehumet
Wu Jian


Innate Abilities, Weirdness & Mutations

You are resistant to damage.
You can heal yourself by infusing magical energy.
You passively map a small area around you.
You do not regenerate.


Message History

There is a staircase back to the Dungeon here.
Your shield and scale mail prevent you from hitting the killer bee.
You closely miss the killer bee. You slash the hobgoblin!
You kill the hobgoblin!
Okawaru accepts your kill.
You slash the killer bee! You block the killer bee's attack.
The killer bee stings you but does no damage.
The killer bee stings you. The killer bee stings you!
The killer bee barely misses you. The killer bee closely misses you. x2
The killer bee stings you.
You are poisoned.
The killer bee poisons you! The killer bee stings you.
You are more poisoned.
The killer bee poisons you!
Use which ability? (? or * to list)
You feel much better. The killer bee stings you.
You are more poisoned.
The killer bee poisons you! You block the killer bee's attack.
The killer bee stings you but does no damage.
You block the killer bee's attack. The killer bee stings you. x2
You are more poisoned.
The killer bee poisons you!
You slash the killer bee!
You kill the killer bee!
Okawaru accepts your kill.
You slash the killer bee! x2
You feel extremely sick. You block the killer bee's attack.
The killer bee stings you.
You are more poisoned.
The killer bee poisons you! The killer bee barely misses you.
The killer bee stings you. The killer bee barely misses you.
Use which ability? (? or * to list)
You gain the combat prowess of a mighty hero.
You feel extremely sick.
You block the killer bee's attack. x2; The killer bee stings you.
You are more poisoned.
The killer bee poisons you!
The killer bee stings you but does no damage.
Use which ability? (? or * to list)
You fail to use your ability.
* * * LOW HITPOINT WARNING * * *
You feel extremely sick. The killer bee misses you. The killer bee stings you.
* * * LOW HITPOINT WARNING * * *
You are lethally poisoned!
The killer bee poisons you! You block the killer bee's attack.
The killer bee stings you.
Use which ability? (? or * to list)
You fail to use your ability.
You die...

* , ,, , ,
,_............._
#....................
#..._................
#.................... ,
##................... ,
##.................... *,
.##.............y.......,
,
.#..............@y......
,
.#..._...........†......
,
.#......................
,
.#....._................
.#......................
, ,,
.##.....................
..##....................
, ..
#####................ *
., #............... ,


You could see 2 killer bees.

Vanquished Creatures
  An ogre (D:4)
  2 killer bees
  A gnoll shaman (D:4)
  A hound skeleton (D:4)
  A gnoll (D:4)
  2 adders (D:2)
  A worm (D:2)
  3 dart slugs
  An endoplasm (D:2)
  A hobgoblin (Temple)
  2 ball pythons (D:2)
  2 bats (D:2)
  A rat (D:2)
19 creatures vanquished.

Vanquished Creatures (others)
  A demonic plant (D:2)
  A fungus (D:2)
  4 plants
  2 withered plants (D:2)
8 creatures vanquished.

Grand Total: 27 creatures vanquished

Notes
Turn   | Place    | Note
-------+----------+-------------------------------------------
     0 | D:1      | Ge0ff the Deep Dwarf Fighter began the quest for the Orb.
     0 | D:1      | Reached XP level 1. HP: 20/20 MP: 1/1
    52 | D:2      | Reached skill level 1 in Dodging
    52 | D:2      | Reached XP level 2. HP: 26/28 MP: 2/2
    71 | D:2      | Reached skill level 3 in Axes
   117 | D:2      | Reached XP level 3. HP: 29/34 MP: 3/3
   352 | D:4      | Found a staircase to the Ecumenical Temple.
   358 | D:4      | Noticed an ogre
   361 | Temple   | Entered the Ecumenical Temple
   373 | Temple   | Became a worshipper of Warmaster Okawaru
   388 | D:4      | Noticed a killer bee
   388 | D:4      | Noticed a killer bee
   389 | D:4      | Noticed a killer bee
   390 | D:4      | Noticed a killer bee
   391 | D:4      | Killed an ogre
   392 | D:4      | Reached skill level 5 in Axes
   392 | D:4      | Reached XP level 4. HP: 28/42 MP: 4/4
   392 | D:4      | Reached XP level 5. HP: 32/49 MP: 5/5
   392 | D:4      | Reached * piety under Okawaru
   393 | D:4      | Reached skill level 6 in Axes
   400 | Temple   | Succumbed to a killer bee's poison

Illustrated notes

Levels and vault maps discovered:
D:1:      lemuel_arrival_cross, layout_basic, serial_shops,
          nicolae_shop_statue_plus
D:2:      layout_loops_ring, shapermc_ecumenical_altar_gd, st_stairs_13,
          kennysheep_big_empty_room, minmay_distorted
D:3:      layout_basic, amcnicky_altar_gilded, serial_bayou,
          serial_bayou_ford_a, serial_bayou_shore_b, serial_bayou_shore_a,
          serial_bayou_pond_c
D:4:      gammafunk_steamed_eel, layout_basic, minmay_temple_entry_slanted,
          nicolae_ossuary_entry_plus
Temple:   nicolae_temple_great_sept

Skill      XL: |  1  2  3  4  5 |
---------------+----------------+-----
Fighting       | 3 |  3.0
Dodging        | 1 |  1.0
Axes           | 3 5 6 |  6.6
Armour         | |  3.2
Shields        | |  3.2

Action                   |  1- 3 |  4- 6 || total
-------------------------+-------+-------++-------
Melee: War axe           |    58 |     3 ||    61
Invok: Heroism           |       |     1 ||     1
 Abil: Heal Wounds       |     2 |     1 ||     3
  Use: Scroll            |     3 |       ||     3
       Potion            |     1 |       ||     1
Armor: Scale mail        |    30 |     5 ||    35
Dodge: Dodged            |    24 |    10 ||    34
Block: Kite shield       |    39 |    11 ||    50

Table legend: (Time is in decaauts)
 A = Elapsed time spent in this place.
 B = Non-inter-level travel time spent in this place.
 C = Inter-level travel time spent in this place.
 D = Time resting spent in this place.
 E = Time spent auto-exploring this place.
 F = Levels seen in this place.
 G = Mean time per level.
                   A        B        C        D        E       F      G
               +--------+--------+--------+--------+--------+-----+--------+
         Total |    440 |    427 |     13 |      0 |      0 |   5 |   88.0 |
       Dungeon |    406 |    393 |     13 |      0 |      0 |   4 |  101.5 |
        Temple |     33 |     33 |      0 |      0 |      0 |   1 |   33.0 |
               +--------+--------+--------+--------+--------+-----+--------+

Top non-repeatable levels by time:
     D:2: 164 daAuts
     D:4: 113 daAuts
     D:1: 72 daAuts
     D:3: 56 daAuts
  Temple: 33 daAuts
